cohdb
Replays
Latest Replays
All Replays
Popular Replays
Top Player Replays
Match Explorer
How It Works
Community
CoH3 Stats
Reddit
Sign in to upload your games and track your stats! →
Sign in with Steam
Match 40945497
Unlisted
Match 40945497
Overview
Messages
Build Orders
End
Kettenkrad Recon Vehicle
Construct Infanterie Kompanie
Selects Terror Battlegroup
MG 42 Machine Gun Team
Grenadier Squad
GrW 34 Mortar Team
Grenadier Squad
Construct Panzergrenadier Kompanie
Pioneer Squad
Panzergrenadier Squad
Selects Contempt for the Weak
Selects Heavy Gunnery
251 Medium Carrier
Pak 40 Anti-tank Gun Team
Support Elements
StuG III G Assault Gun
Selects Defend the Fatherland
StuG III G Assault Gun
Defend the Fatherland
Nebelwerfer 42 Rocket Launcher Team
Grenadier Squad
Selects Jericho Trumpet
StuG III G Assault Gun
Jericho Trumpet
Panzergrenadier Squad
Selects V1 Rocket Strike
V1 Rocket Strike
Panzergrenadier Squad
Panzergrenadier Squad
StuG III G Assault Gun
Jericho Trumpet
Grenadier Squad
Jericho Trumpet
MG 42 Machine Gun Team
Selects King Tiger Heavy Tank
King Tiger Heavy Tank
Jericho Trumpet
Pioneer Squad
Panzergrenadier Squad
251 Medium Carrier
Grenadier Squad
Pioneer Squad
V1 Rocket Strike
Cloverfield135
Wehrmacht
帝国の突撃隊
ßoo
Tactical Nuclear Cow
DrunkPoet
0
0
Comments
sign in to comment!
No comments posted yet!